 Dungeon Crawl Stone Soup version 0.19-b1-3-g7dea586 (webtiles) character file.

2910 Ladykiller69 the Basher (level 9, 0/97 HPs)
             Began as an Ogre Gladiator on Oct 27, 2016.
             Was an Initiate of Okawaru.
             Slain by a sky beast (6 damage)
             ... on level 7 of the Dungeon on Oct 28, 2016.
             The game lasted 00:25:11 (9415 turns).

Ladykiller69 the Basher (Ogre Gladiator)            Turns: 9415, Time: 00:25:12

Health: 0/97       AC:  3    Str: 22    XL:     9   Next: 78%
Magic:  9/9        EV: 11    Int: 11    God:    Okawaru [......]
Gold:   469        SH:  0    Dex: 13    Spells: 0 memorised, 8 levels left

rFire  . . .     SeeInvis .     r - +2 giant spiked club
rCold  + . .     Gourm    .     b - +0 robe
rNeg   . . .     Faith    +     (shield currently unavailable)
rPois  .         Spirit   .     c - +0 hat
rElec  .         Reflect  .     (no cloak)
rCorr  .         Harm     .     (gloves unavailable)
MR     .....                    (boots unavailable)
Stlth  +.........               s - amulet of faith
                                y - +4 ring of intelligence
                                o - ring of protection from cold

@: no status effects
A: unfitting armour, tough skin 1
a: Renounce Religion


You were on level 7 of the Dungeon.
You worshipped Okawaru.
Okawaru was noncommittal.
You were not hungry.

You visited 2 branches of the dungeon, and saw 8 of its levels.

You collected 469 gold pieces.

Inventory:

Hand Weapons
 a - a +0 flail
 g - a +4 flail
 p - a -2 whip
 r - a +2 giant spiked club (weapon)
Missiles
 h - 213 stones (quivered)
 z - a throwing net
Armour
 b - a +0 robe (worn)
 c - a +0 hat (worn)
Jewellery
 o - a ring of protection from cold (left hand)
 s - an amulet of faith (around neck)
 y - a +4 ring of intelligence (right hand)
Wands
 u - a wand of polymorph (19/24)
Scrolls
 e - 2 scrolls of remove curse
 m - a scroll of recharging
 n - 7 scrolls of identify
Potions
 k - a potion of curing
 l - a potion of beneficial mutation {unknown}
 t - a potion of resistance
 v - 2 potions of flight {unknown}
 x - a potion of magic {unknown}
Comestibles
 f - 8 bread rations
 i - 5 chunks of flesh
 j - 6 meat rations
 q - 2 slices of pizza


   Skills:
 + Level 8.4 Fighting
 * Level 12.3 Maces & Flails
 + Level 6.6 Throwing
 - Level 4.0 Dodging
 - Level 0.2 Stealth


You had 8 spell levels left.
You didn't know any spells.

Dungeon Overview and Level Annotations

Branches:
Dungeon (7/15)             Temple (1/1) D:7

Altars:
Ashenzari
Cheibriados
Fedhas
Hepliaklqana
Kikubaaqudgha
Nemelex Xobeh
Okawaru
Qazlal
Ru
Sif Muna
Trog
Yredelemnul
Zin

Annotations:
D:3 1 exclusion


Innate Abilities, Weirdness & Mutations

You are too large for most types of armour.
You have tough skin. (AC +1)


Message History

You feel much better. The centaur hits you!
* * * LOW HITPOINT WARNING * * *
Something hits you.
* * * LOW HITPOINT WARNING * * *
Something shocks you.
* * * LOW HITPOINT WARNING * * *
You barely miss the centaur.
The centaur is severely wounded.
The centaur barely misses you. Something hits you.
* * * LOW HITPOINT WARNING * * *
Something shocks you.
* * * LOW HITPOINT WARNING * * *
The centaur barely misses you.
You sock the centaur!
You kill the centaur!
Okawaru accepts your kill. Something hits you.
* * * LOW HITPOINT WARNING * * *
Something shocks you.
You die...

## .. ## ## ## .... #
## # ###.#. .# .. ##.
... .. .. .. ..# #.#
.#.#.# ## #.###.#
##)..>.#
#########...####@##
.....[)...........#.##
###########.#.(.......{
#.#.##.......
#.#.######### #.#.#
#.#.# #.#.# #...#


There were no monsters in sight!

Vanquished Creatures
  Grinder (D:4)
  An orc warrior (D:6)
  An ice beast (D:5)
  2 ogres
  4 centaurs
  A bullfrog (D:6)
  A gnoll sergeant (D:6)
  A water moccasin zombie (D:6)
  3 scorpions
  4 wights
  2 howler monkeys
  A crimson imp (D:6)
  A centaur zombie (D:7)
  A jelly (D:6)
  3 hounds
  4 orc priests
  9 orc wizards
  A bullfrog skeleton (D:7)
  4 gnoll shamans (D:6)
  3 worker ants
  44 gnolls
  7 adders
  A howler monkey skeleton (D:6)
  A shadow imp (D:5)
  An ooze (D:5)
  2 adder skeletons
  4 dart slugs
  A leopard gecko (D:1)
  25 orcs
  3 ball pythons
  10 bats
  5 giant cockroaches
  6 goblins
  11 hobgoblins
  20 jackals
  9 kobolds
  3 quokkas
  4 frilled lizards
  A goblin zombie (D:5)
  A jackal skeleton (D:5)
  A leopard gecko skeleton (D:4)
  A quokka skeleton (D:3)
  4 rats
213 creatures vanquished.

Vanquished Creatures (others)
  A human (D:5)
  An orc (D:5)
2 creatures vanquished.

Grand Total: 215 creatures vanquished

Notes
Turn   | Place    | Note
-------+----------+-------------------------------------------
     0 | D:1      | Ladykiller69 the Ogre Gladiator began the quest for the Orb.
     0 | D:1      | Reached XP level 1. HP: 22/22 MP: 1/1
   249 | D:1      | Reached XP level 2. HP: 20/29 MP: 2/2
   548 | D:1      | Reached XP level 3. HP: 35/36 MP: 3/3
  1306 | D:2      | Found a snail-covered altar of Cheibriados.
  1392 | D:2      | Found a stormy altar of Qazlal.
  1420 | D:2      | Reached XP level 4. HP: 38/44 MP: 4/4
  1473 | D:2      | Found a blossoming altar of Fedhas.
  1627 | D:2      | Reached skill level 5 in Maces & Flails
  2108 | D:3      | Reached XP level 5. HP: 33/53 MP: 5/5
  2430 | D:3      | Found a sparkling altar of Nemelex Xobeh.
  2627 | D:3      | Found a sacrificial altar of Ru.
  3212 | D:4      | Reached XP level 6. HP: 58/62 MP: 6/6
  3232 | D:4      | Noticed Grinder
  3319 | D:4      | Reached skill level 6 in Maces & Flails
  4008 | D:5      | Entered Level 5 of the Dungeon
  4094 | D:5      | Found a runed door.
  4094 | D:5      | Noticed a human
  4098 | D:5      | Found a basalt altar of Yredelemnul.
  4186 | D:5      | Reached skill level 7 in Maces & Flails
  4186 | D:5      | Reached XP level 7. HP: 54/71 MP: 7/7
  4226 | D:4      | Killed Grinder
  4226 | D:4      | Reached skill level 5 in Fighting
  4279 | D:5      | Reached skill level 8 in Maces & Flails
  4453 | D:5      | Killed a human
  4849 | D:5      | Reached XP level 8. HP: 51/81 MP: 8/8
  5015 | D:5      | Upgraded the game from 0.19-b1-1-g9a3527e to 0.19-b1-3-g7dea586
  5117 | D:4      | Reached skill level 9 in Maces & Flails
  5477 | D:5      | Reached skill level 5 in Throwing
  5883 | D:6      | Reached skill level 10 in Maces & Flails
  5915 | D:6      | HP: 4/84 [orc warrior/short sword of draining (8)]
  6410 | D:6      | Reached XP level 9. HP: 26/93 MP: 9/9
  7009 | D:6      | Reached skill level 11 in Maces & Flails
  8778 | D:6      | Reached skill level 12 in Maces & Flails
  9122 | D:7      | Found a staircase to the Ecumenical Temple.
  9127 | Temple   | Entered the Ecumenical Temple
  9181 | Temple   | Became a worshipper of Warmaster Okawaru
  9288 | D:7      | Found a shattered altar of Ashenzari.
  9415 | D:7      | Slain by a sky beast

Skill      XL: |  1  2  3  4  5  6  7  8  9 |
---------------+----------------------------+-----
Dodging        | 3 4 |  4.0
Fighting       | 3 4 5 7 8 |  8.4
Maces & Flails | 5 7 8 10 12 | 12.3
Throwing       | 3 4 5 6 |  6.6
Stealth        | |  0.2

Action                   |  1- 3 |  4- 6 |  7- 9 || total
-------------------------+-------+-------+-------++-------
Melee: Flail             |   103 |   200 |   135 ||   438
       Giant spiked club |       |       |   203 ||   203
       Whip              |       |       |    20 ||    20
Throw: Throwing net      |     6 |       |     3 ||     9
       Stone             |       |    18 |    35 ||    53
  Use: Scroll            |       |       |    13 ||    13
       Potion            |       |       |     2 ||     2
 Stab: Sleeping          |     1 |       |     2 ||     3
       Held in net/web   |       |       |     2 ||     2
  Eat: Chunk             |     2 |     7 |    17 ||    26
       Beef jerky        |       |       |     1 ||     1
Armor: Robe              |    38 |    42 |    35 ||   115
Dodge: Dodged            |    65 |   116 |   196 ||   377
